 Dungeon Crawl Stone Soup version 0.23.1 (webtiles) character file.

Game seed: 1891646606962657977

2807811 P0WERM0DE the Executioner (level 24, 228/228 HPs)
             Began as a Minotaur Fighter on Mar 6, 2019.
             Was a Follower of Uskayaw.
             Escaped with the Orb
             ... and 3 runes!
             The game lasted 00:28:18 (27936 turns).

P0WERM0DE the Executioner (Minotaur Fighter)       Turns: 27936, Time: 00:28:18

Health: 228/228    AC: 34    Str: 50      XL:     24   Next: 53%
Magic:  39/39      EV: 18    Int:  4      God:    Uskayaw [*.....]
Gold:   1167       SH: 39    Dex: 13 (14) Spells: 23/23 levels left

rFire    + + +     SeeInvis .   a - +9 war axe (vamp)
rCold    + . .     Gourm    .   G - +10 large shield of Ignorance {rN+ Int-4}
rNeg     + . .     Faith    .   X - +9 plate armour of Negation {Str+7}
rPois    +         Spirit   .   T - +2 hat "Zofen" {rElec Str+4 Dex+4}
rElec    +         Reflect  .   y - +0 cloak of Starshine {MR+ Str+4}
rCorr    .         Harm     .   E - +3 pair of gauntlets of War {Slay+5}
MR       +++..     Rnd*Tele +   j - +0 pair of boots of the Lich-sworn {+Fly rF+++ Str+4 Slay-2}
Stlth    ..........             D - amulet of regeneration
HPRegen  0.88/turn              V - ring of Buapn {rElec rPois}
MPRegen  0.26/turn              R - ring of Xom's Bemusement {rC+ MR+ Int+3}

@: no status effects
A: retaliatory headbutt, horns 2, icy blue scales 1, clumsy 1, deformed body,
deterioration 1, high mp 1, screaming 2, inhibited regeneration, teleportitis 1,
MP-powered wands
0: Orb of Zot
}: 3/15 runes: barnacled, abyssal, gossamer
a: Stomp, Renounce Religion, Evoke Flight


You escaped.
You worshipped Uskayaw.
Uskayaw was most pleased with you.
You were not hungry.

You visited 6 branches of the dungeon, and saw 39 of its levels.
You visited the Abyss 1 time.
You visited 2 bazaars.
You also visited: Trove and Gauntlet.

You collected 2912 gold pieces.
You spent 1745 gold pieces at shops.

Inventory:

Hand Weapons
 a - a +9 vampiric war axe (weapon)
   (You acquired it on level 4 of the Lair of Beasts)
 i - a +0 broad axe of electrocution
   (You took it off a spriggan berserker on level 5 of the Depths)
 p - a +0 broad axe of protection
   (You bought it in a shop in a bazaar)
 W - the +4 dagger "Morg" {pain, MR+ Int+5}
   (You took it off a minotaur in a Gauntlet)

   In the hands of one skilled in necromantic magic, it inflicts extra damage on
   living creatures.
   It affects your intelligence (+5).
   It affects your resistance to hostile enchantments.
 Z - the +7 Spriggan's Knife {stab, EV+4 Stlth+}
   (You acquired it on level 5 of the Lair of Beasts)

   It affects your evasion (+4).
   It makes you more stealthy.
Missiles
 k - 10 throwing nets (quivered)
Armour
 j - the +0 pair of boots of the Lich-sworn (worn) {+Fly rF+++ Str+4 Slay-2}
   (You found it in a treasure trove)

   It affects your strength (+4).
   It affects your accuracy and damage with ranged weapons and melee attacks
   (-2).
   It renders you almost immune to fire.
   It lets you fly.
 y - the +0 cloak of Starshine (worn) {MR+ Str+4}
   (You found it in a treasure trove)

   It affects your strength (+4).
   It affects your resistance to hostile enchantments.
 E - the +3 pair of gauntlets of War (worn) {Slay+5}
   (You found it in a treasure trove)

   It affects your accuracy and damage with ranged weapons and melee attacks
   (+5).
 G - the +10 large shield of Ignorance (worn) {rN+ Int-4}
   (You found it on level 9 of the Dungeon)

   It affects your intelligence (-4).
   It protects you from negative energy.
 T - the +2 hat "Zofen" (worn) {rElec Str+4 Dex+4}
   (You found it in a Gauntlet)

   It affects your strength (+4).
   It affects your dexterity (+4).
   It insulates you from electricity.
 X - the +9 plate armour of Negation (worn) {Str+7}
   (You found it on level 3 of the Spider Nest)

   It affects your strength (+7).
Jewellery
 D - an amulet of regeneration (around neck)
   (You bought it in a shop on level 9 of the Dungeon)
 R - the ring of Xom's Bemusement (right hand) {rC+ MR+ Int+3}
   (You found it in a Gauntlet)

   [ring of protection from cold]

   It affects your intelligence (+3).
   It protects you from cold.
   It affects your resistance to hostile enchantments.
 V - the ring of Buapn (left hand) {rElec rPois}
   (You took it off a minotaur in a Gauntlet)

   [ring of poison resistance]

   It insulates you from electricity.
   It protects you from poison.
Wands
 m - a wand of enslavement (4)
   (You found it on level 5 of the Depths)
 v - a wand of digging (12)
   (You found it on level 8 of the Dungeon)
 U - a wand of clouds (2)
   (You found it on level 6 of the Lair of Beasts)
Scrolls
 b - 2 scrolls of enchant weapon
 f - 4 scrolls of fog
 g - 5 scrolls of fear
 l - 11 scrolls of immolation
 r - 3 scrolls of identify
 t - 5 scrolls of teleportation
 u - 13 scrolls of remove curse
 z - 2 scrolls of blinking
 H - a scroll of holy word
 K - 2 scrolls of torment
 P - 2 scrolls of summoning
 Q - a scroll of vulnerability
Potions
 c - 4 potions of flight
 h - a potion of haste
 n - a potion of resistance
 o - 6 potions of lignification
 q - 12 potions of curing
 s - 7 potions of agility
 w - 2 potions of heal wounds
 A - 2 potions of magic {unknown}
 B - 4 potions of brilliance {unknown}
 C - 3 potions of berserk rage {unknown}
 F - 2 potions of invisibility
 I - 3 potions of ambrosia
 J - 2 potions of mutation
 M - 4 potions of cancellation
 S - 2 potions of degeneration {unknown}
Miscellaneous
 x - a lamp of fire
   (You found it on level 4 of the Shoals)
 Y - a fan of gales
   (You found it in a Gauntlet)
Comestibles
 e - 21 rations


   Skills:
 * Level 21.4 Fighting
 * Level 22.6 Axes
 + Level 17.1 Armour
 + Level 15.5 Dodging
 * Level 21.5 Shields
 * Level 19.6 Invocations


You had 23 spell levels left.
You didn't know any spells.
Your spell library was empty.

Dungeon Overview and Level Annotations

Branches:
Dungeon (15/15)            Temple (0/1) D:7            Lair (6/6) D:11
 Shoals (4/4) Lair:2       Spider (4/4) Lair:4        Slime (0/5) Lair:6
    Orc (0/2) D:9          Depths (5/5) D:15            Zot (5/5) Depths:5
 Vaults: D:13-14

Altars:
Ashenzari
Dithmenos
Elyvilon
Gozag
Hepliaklqana
Nemelex Xobeh
Okawaru
Qazlal
Sif Muna
Trog
Uskayaw
Vehumet
Xom
Yredelemnul
Zin

Shops:
D:9 =   D:15 =:(   Depths:5 *

Portals:
Hell: Depths:1 Depths:2 Depths:3 Depths:5
Abyss: Depths:4
Pandemonium: Depths:3
Ziggurat: Depths:4

Annotations:
D:9 1 runed translucent door, exclusions: door and orange crystal statue
Depths:3 exclusion: ice statue


Innate Abilities, Weirdness & Mutations

You reflexively headbutt those who attack you in melee.
You have a pair of horns on your head.
You are partially covered in icy blue scales. (AC +2)
You are clumsy. (Dex -2)
Armour fits poorly on your strangely shaped body.
Your body sometimes deteriorates upon taking damage.
You have an increased reservoir of magic. (+10% MP)
You sometimes yell uncontrollably at your foes.
You do not regenerate when monsters are visible.
You are occasionally teleported next to monsters.
You expend magic power (3 MP) to strengthen your wands.


Message History

Evoke which item? (* to show all) (? for menu, Esc to quit)
Aiming: Dig
Press: ? - help, Shift-Dir - straight line A rock wall.
This square is covered in magical glow.
You feel a surge of power!
The rock shatters into small pieces.
A glowing orange brain comes into view.
Your surroundings suddenly seem different.
You can no longer pass through a line of other dancers.
Found 11 gold pieces.
A dart slug comes into view.
The dart slug launches a dart at you.
The slug dart hits you but does no damage.
You slice the dart slug!!
You kill the dart slug!
No target in view!
No target in view!
No target in view!
There is a staircase leading out of the dungeon here.
You have escaped!

........h.#
#.###########.#
..........#
#.#######
#########.##
#........ #.
#..# #.#######
#...####
##.###.#..
#.....
#.....#..
######
#..##.#.##
#..#..#..#
#..#..#@.#
#..#..##.#
#..#.....#
#..#.....#
#..####### #...


There were no monsters in sight!

Vanquished Creatures
  7 ancient liches (Zot:5)
  3 orbs of fire
  A pandemonium lord (Depths:4)
  3 Killer Klowns (Zot:5)
  9 caustic shrikes (Depths:5)
  A curse toe (Zot:3)
  A golden dragon (Depths:5)
  A profane servitor (D:13)
  Nikola (Depths:2)
  A lich (Depths:3)
  3 electric golems
  4 Brimstone Fiends
  2 Tzitzimimeh
  10 tentacled monstrosities
  29 Orb Guardians
  4 quicksilver dragons
  A kraken (Shoals:4)
  2 tentacled starspawn (Abyss:3)
  Frances (D:14)
  An Executioner (Depths:5)
  3 sphinxes
  2 shadow dragons
  2 death cobs
  13 storm dragons
  4 tengu reavers
  6 draconian monks
  A fire giant (Depths:2)
  An emperor scorpion (Spider:4)
  5 draconian scorchers
  3 balrugs
  8 ghost moths
  4 frost giants
  7 draconian knights
  Louise (Depths:4)
  2 spriggan defenders (Depths:3)
  8 draconian shifters
  10 very ugly things
  8 draconian annihilators
  9 draconian stormcallers
  A war gargoyle (Depths:3)
  3 entropy weavers
  7 green draconians
  6 stone giants
  13 black draconians
  A deep elf annihilator (D:15)
  8 spark wasps
  A minotaur (Gauntlet)
  11 red draconians
  The ghost of Chiseanne the Unseen, a journeyman SpAs of Gozag (Shoals:3)
  2 pale draconians (Depths:5)
  5 white draconians
  11 yellow draconians
  2 merfolk javelineers (Shoals:4)
  10 purple draconians
  2 blizzard demons
  4 merfolk impalers
  Josephine (D:15)
  5 ettins
  A fire dragon (shapeshifter) (Depths:2)
  6 fire dragons
  6 yaktaur captains
  A green death (D:1)
  5 deep elf high priests
  5 great orbs of eyes
  4 rakshasas
  Fannar (D:11)
  An ogre mage (Depths:2)
  Harold (Lair:1)
  10 ice dragons
  A monstrous demonspawn (Zot:5)
  2 spriggan air magi (Depths:5)
  Erica (D:11)
  Erolcha (D:9)
  4 merfolk avatars
  3 catoblepae (Lair:6)
  3 merfolk aquamancers
  3 centaur warriors
  4 two-headed ogres
  13 death yaks
  A satyr (Shoals:4)
  5 deep troll earth magi
  A queen ant (Spider:3)
  10 tengu warriors
  Urug (D:10)
  8 deep troll shamans
  9 spriggan berserkers
  Nergalle (D:11)
  2 hell hogs (Depths:2)
  A vampire mage (D:15)
  A storm dragon zombie (D:15)
  3 thrashing horrors
  10 hell knights
  4 soul eaters
  6 spriggans
  3 sun demons (Depths:3)
  5 iron trolls
  2 fire crabs (Shoals:4)
  3 wretched stars
  A quicksilver dragon simulacrum (Depths:3)
  4 skeletal warriors
  7 sea snakes
  2 sixfirhies
  An unseen horror (D:10)
  A gelid demonspawn (D:1)
  4 torturous demonspawn
  A flayed ghost (Depths:2)
  18 deep trolls
  Pikel (D:7)
  A glowing orange brain (Depths:1)
  2 wizards
  A kraken simulacrum (Shoals:4)
  7 large abominations
  3 harpies (Shoals:2)
  A stone giant zombie (D:15)
  4 necromancers
  An oklob plant (Lair:4)
  16 orb spiders
  A salamander (Depths:2)
  2 deep elf magi
  13 ugly things
  3 cyclopes
  29 wolf spiders
  13 moths of wrath
  7 manticores
  A mana viper (shapeshifter) (Depths:4)
  12 fauns
  6 elephants (Lair:5)
  6 merfolk sirens
  Joseph (D:7)
  9 rust devils
  A spiny frog (shapeshifter) (Depths:1)
  Maurice (D:11)
  6 black mambas
  A gargoyle (D:15)
  An orange demon (D:13)
  2 torpor snails (Spider:4)
  3 hellions
  9 water nymphs
  4 smoke demons
  12 spiny frogs
  2 kobold demonologists
  29 yaktaurs
  3 hellwings (Zot:5)
  A rime drake (Lair:2)
  A freezing wraith (Depths:3)
  3 komodo dragons
  8 demonic crawlers
  4 ice devils
  A guardian mummy (D:15)
  An efreet (D:15)
  3 ancient zymes
  5 red devils (Depths:3)
  2 trolls (D:9)
  21 merfolk
  A meliai (shapeshifter) (Depths:2)
  15 jumping spiders
  11 hornets
  3 slime creatures (Depths:4)
  A wind drake (shapeshifter) (Depths:5)
  11 dream sheep
  A deep troll zombie (D:15)
  4 blink frogs (Lair:5)
  A raiju (Abyss:3)
  9 snapping turtles
  A dream sheep (shapeshifter) (Depths:2)
  A wind drake (Shoals:4)
  13 hippogriffs
  4 flying skulls (Depths:3)
  A vampire (D:11)
  5 starcursed masses (Abyss:3)
  A ynoxinul (Abyss:1)
  38 redbacks
  6 water elementals
  3 shadows
  3 wyverns
  12 wraiths
  20 tarantellas
  37 yaks
  3 fire bats
  A hog (shapeshifter) (D:15)
  A human (shapeshifter) (Depths:3)
  2 basilisks
  Grum (D:8)
  A neqoxec (D:2)
  2 steam dragons (Depths:5)
  A chaos spawn (D:2)
  10 soldier ants (Spider:3)
  A tengu zombie (D:15)
  A floating eye (Depths:3)
  4 acid dragons
  A floating eye (shapeshifter) (Depths:5)
  8 water moccasins
  12 hell hounds
  4 orc warriors
  7 porcupines
  A black bear (D:4)
  3 ice beasts
  4 sky beasts
  A slave (D:7)
  5 ettin simulacra (Depths:3)
  A phantom (D:8)
  5 wolves
  4 ogres
  14 centaurs
  8 small abominations
  5 crocodiles
  A big kobold (D:4)
  14 bullfrogs
  A water moccasin zombie (D:10)
  9 killer bees
  5 scorpions
  13 wights
  7 howler monkeys
  20 crimson imps
  A quasit (D:6)
  2 bullfrog zombies
  3 jellies (D:8)
  4 orc priests
  3 hounds
  7 orc wizards
  A bullfrog skeleton (D:7)
  4 centaur skeletons
  An iron imp (Abyss:1)
  3 iguanas
  Natasha (thrice) (D:3)
  23 worker ants
  A hell rat (D:11)
  Terence (D:3)
  3 hound skeletons
  11 gnolls
  7 adders
  2 river rats (D:11)
  4 shadow imps
  7 white imps
  9 oozes
  3 adder skeletons
  2 worms (D:2)
  A dart slug (D:1)
  7 leopard geckos
  33 orcs
  3 bats
  6 giant cockroaches
  11 hobgoblins
  10 jackals
  4 quokkas
  2 ball pythons
  A frilled lizard (D:4)
  5 goblins
  A jackal skeleton (D:5)
  A jackal zombie (D:6)
  6 kobolds
  3 rats
  2 fungi
  A lurking horror (Abyss:3)
  2 plants (Lair:6)
  2 starspawn tentacles (Abyss:3)
  7 tentacles (Shoals:4)
  A withered plant (D:15)
1328 creatures vanquished.

Vanquished Creatures (others)
  A lich (D:7)
  A tengu reaver (Depths:2)
  A draconian knight (Zot:3)
  A yaktaur captain (Depths:2)
  A centaur warrior (Depths:2)
  A sun demon (Depths:4)
  A moth of wrath (Zot:2)
  2 yaktaurs (Depths:2)
  A red devil (D:7)
  A steam dragon (Depths:5)
  A slave (D:7)
  A centaur (Depths:1)
  A wight (D:7)
  2 white imps (Depths:4)
  A block of ice (Depths:4)
  A fungus (Lair:3)
  A plant (Shoals:4)
  7 tentacles (Shoals:4)
26 creatures vanquished.

Grand Total: 1354 creatures vanquished

Notes
Turn   | Place    | Note
-------+----------+-------------------------------------------
     0 | D:1      | P0WERM0DE the Minotaur Fighter began the quest for the Orb.
     0 | D:1      | Reached XP level 1. HP: 19/19 MP: 0/0
    59 | D:1      | Reached XP level 2. HP: 24/27 MP: 1/1
   118 | D:2      | Found a hide-covered altar of Uskayaw.
   190 | D:2      | Became a worshipper of Uskayaw the Reveler
   224 | D:2      | Reached skill level 3 in Axes
   224 | D:2      | Reached * piety under Uskayaw
   407 | D:2      | Reached ** piety under Uskayaw
   411 | D:2      | Reached *** piety under Uskayaw
   453 | D:2      | Reached XP level 3. HP: 23/33 MP: 2/2
   620 | D:2      | Reached skill level 1 in Invocations
   959 | D:3      | Reached XP level 4. HP: 35/40 MP: 2/4
  1003 | D:3      | Noticed Terence
  1010 | D:3      | Killed Terence
  1010 | D:3      | Reached skill level 1 in Dodging
  1231 | D:3      | Reached XP level 5. HP: 46/46 MP: 5/5
  1260 | D:3      | Noticed Natasha
  1282 | D:3      | Killed Natasha
  1282 | D:3      | Reached skill level 4 in Axes
  1303 | D:3      | Noticed Natasha
  1318 | D:3      | Killed Natasha
  1407 | D:3      | Noticed Natasha
  1411 | D:3      | Killed Natasha
  1519 | D:3      | Found an iron altar of Okawaru.
  1644 | D:4      | Reached XP level 6. HP: 46/53 MP: 5/7
  1778 | D:4      | Found a bloodstained altar of Trog.
  1948 | D:4      | Reached skill level 5 in Axes
  2010 | D:4      | Reached XP level 7. HP: 60/60 MP: 8/8
  2146 | D:4      | You fall through a shaft!
  2146 | D:5      | Entered Level 5 of the Dungeon
  2209 | D:5      | Reached skill level 5 in Armour
  2212 | D:5      | Reached skill level 5 in Fighting
  2212 | D:5      | Reached skill level 5 in Shields
  2271 | D:5      | Found a glowing silver altar of Zin.
  2786 | D:5      | Reached skill level 6 in Axes
  3063 | D:6      | Reached XP level 8. HP: 64/68 MP: 10/10
  3067 | D:6      | Reached **** piety under Uskayaw
  3690 | D:6      | Found a stormy altar of Qazlal.
  3791 | D:6      | Found a shimmering altar of Xom.
  3791 | D:6      | Found a deep blue altar of Sif Muna.
  4033 | D:7      | Noticed Pikel
  4069 | D:6      | Reached skill level 5 in Invocations
  4401 | D:7      | Killed Pikel
  4401 | D:7      | Reached skill level 7 in Axes
  4401 | D:7      | Reached XP level 9. HP: 75/75 MP: 10/12
  4472 | D:7      | Found a sparkling altar of Nemelex Xobeh.
  4709 | D:7      | Found a white marble altar of Elyvilon.
  4756 | D:7      | Noticed Joseph
  4757 | D:7      | Found a shattered altar of Ashenzari.
  4772 | D:7      | Killed Joseph
  4772 | D:7      | Reached skill level 8 in Axes
  4945 | D:7      | Found a staircase to the Ecumenical Temple.
  5309 | D:8      | Reached ***** piety under Uskayaw
  5318 | D:8      | Reached ****** piety under Uskayaw
  5323 | D:8      | Reached skill level 5 in Dodging
  5531 | D:8      | Got a shimmering ring mail
  5542 | D:8      | Identified the +2 ring mail of the Failed Coup {rElec Str+2
                  | Stlth+} (You found it on level 8 of the Dungeon)
  5580 | D:8      | Noticed Grum
  5586 | D:8      | Reached skill level 9 in Axes
  5592 | D:8      | Killed Grum
  5770 | D:8      | Reached XP level 10. HP: 86/86 MP: 14/14
  6727 | D:9      | Found a sparkling altar of Nemelex Xobeh.
  6754 | D:9      | Found Kexaig's Jewellery Emporium.
  6756 | D:9      | Noticed Erolcha
  6758 | D:9      | Found a runed translucent door.
  6769 | D:9      | Killed Erolcha
  6775 | D:9      | Found the +10 large shield of Ignorance {rN+ Int-4}
  6778 | D:9      | Bought an uncursed amulet of regeneration for 450 gold
                  | pieces
  6914 | D:9      | Found a runed translucent door.
  6993 | D:9      | Reached skill level 10 in Axes
  7023 | D:9      | Found a basalt altar of Yredelemnul.
  7032 | D:9      | Noticed an orange crystal statue
  7151 | D:9      | Found a shadowy altar of Dithmenos.
  7209 | D:9      | Found a staircase to the Orcish Mines.
  7345 | D:10     | Entered Level 10 of the Dungeon
  7529 | D:10     | Killed an unseen horror
  7621 | D:10     | Reached XP level 11. HP: 94/94 MP: 16/16
  7916 | D:10     | Noticed Urug
  7927 | D:10     | Killed Urug
  8211 | D:11     | Noticed Nergalle
  8223 | D:11     | Noticed a spectral orc warlord
  8223 | D:11     | Killed Nergalle
  8260 | D:11     | Noticed Fannar
  8294 | D:11     | Killed Fannar
  8294 | D:11     | Reached skill level 11 in Axes
  8341 | D:11     | Noticed a death yak
  8341 | D:11     | Noticed a death yak
  8343 | D:11     | Found a staircase to the Lair.
  8351 | D:11     | Killed a death yak
  8365 | D:11     | Killed a death yak
  8449 | D:11     | Noticed a death yak
  8450 | D:11     | Noticed Maurice
  8460 | D:11     | Killed Maurice
  8469 | D:11     | Killed a death yak
  8687 | D:11     | Noticed Erica
  8707 | D:11     | Killed Erica
  8915 | D:11     | Found the +5 scythe "Finisher" {speed, eviscerate}
  9219 | Lair:1   | Entered Level 1 of the Lair of Beasts
  9320 | Lair:1   | Reached XP level 12. HP: 98/104 MP: 18/18
  9531 | Lair:1   | Noticed Harold
  9544 | Lair:1   | Reached skill level 12 in Axes
  9544 | Lair:1   | Reached skill level 10 in Invocations
  9544 | Lair:1   | Killed Harold
  9760 | Lair:1   | Got a crude ring mail
  9761 | Lair:1   | Identified the cursed +0 ring mail of Haovvos {rElec} (You
                  | found it on level 1 of the Lair of Beasts)
 10294 | Lair:2   | Found a staircase to the Shoals.
 10586 | Lair:2   | Noticed a seven-headed hydra
 10603 | Lair:2   | You fall through a shaft!
 10831 | Lair:3   | Gained mutation: You are partially covered in icy blue
                  | scales. (AC +2) [potion of mutation]
 10831 | Lair:3   | Gained mutation: You have an increased reservoir of magic.
                  | (+10% MP) [potion of mutation]
 10831 | Lair:3   | Gained mutation: You are agile. (Dex +2) [potion of
                  | mutation]
 10831 | Lair:3   | Gained mutation: You expend magic power (3 MP) to
                  | strengthen your wands. [potion of mutation]
 11686 | Lair:4   | Found a hole to the Spider Nest.
 11721 | Lair:4   | Found a gate leading to a gauntlet.
 11728 | Lair:4   | Reached skill level 10 in Shields
 11738 | Gauntlet | Entered a Gauntlet
 11738 | Gauntlet | Found a transporter.
 11738 | Gauntlet | Found a transporter.
 11739 | Gauntlet | Found a transporter.
 11742 | Gauntlet | Found a transporter.
 11744 | Gauntlet | Found a transporter.
 11767 | Gauntlet | Reached skill level 13 in Axes
 11767 | Gauntlet | Reached skill level 10 in Fighting
 11777 | Gauntlet | Got a heavily runed platinum ring
 11778 | Gauntlet | Identified the ring of Xom's Bemusement {rC+ MR+ Int+3}
                  | (You found it in a Gauntlet)
 11785 | Gauntlet | Found a transporter.
 11788 | Gauntlet | Found a transporter.
 11948 | Gauntlet | Noticed a death scarab
 11948 | Gauntlet | Noticed a death scarab
 11949 | Gauntlet | Found a transporter.
 11949 | Gauntlet | Found a transporter.
 11962 | Gauntlet | Reached skill level 10 in Armour
 11973 | Gauntlet | Got a scorched hat
 11979 | Gauntlet | Identified the +2 hat "Zofen" {rElec Str+4 Dex+4} (You
                  | found it in a Gauntlet)
 11982 | Gauntlet | Got a faintly glowing chain mail
 11995 | Gauntlet | Identified the +2 chain mail "Trusted Companion" {Int+2}
                  | (You found it in a Gauntlet)
 12005 | Gauntlet | Identified the +8 shortbow of the Extremes {velocity, rN+
                  | MR+ Str+4}
 12005 | Gauntlet | Identified the ring of Buapn {rElec rPois}
 12005 | Gauntlet | Noticed a minotaur
 12017 | Gauntlet | Killed a minotaur
 12017 | Gauntlet | Reached XP level 13. HP: 63/113 MP: 22/22
 12238 | Lair:4   | Identified a scroll of acquirement
 13066 | Lair:5   | Found the +7 Spriggan's Knife {stab, EV+4 Stlth+}
 13721 | Lair:6   | Entered Level 6 of the Lair of Beasts
 13853 | Lair:6   | Found a staircase to the Slime Pits.
 14208 | Lair:6   | Reached skill level 14 in Axes
 14375 | Lair:6   | Reached XP level 14. HP: 125/125 MP: 24/24
 14743 | Spider:1 | Entered Level 1 of the Spider Nest
 15134 | Spider:2 | Noticed an entropy weaver
 15148 | Spider:2 | Killed an entropy weaver
 15221 | Spider:3 | Noticed an entropy weaver
 15222 | Spider:3 | Noticed an entropy weaver
 15303 | Spider:3 | Killed a ghost moth
 15508 | Spider:3 | Killed an entropy weaver
 15571 | Spider:3 | Killed an entropy weaver
 15643 | Spider:3 | Reached skill level 15 in Axes
 15727 | Spider:3 | Got an ichor-stained plate armour
 15738 | Spider:3 | Identified the +9 plate armour of Negation {Str+7} (You
                  | found it on level 3 of the Spider Nest)
 16074 | Spider:4 | Entered Level 4 of the Spider Nest
 16098 | Spider:4 | Reached skill level 10 in Dodging
 16164 | Spider:4 | Reached XP level 15. HP: 133/134 MP: 0/26
 16168 | Spider:4 | Killed a ghost moth
 16201 | Spider:4 | Killed a ghost moth
 16210 | Spider:4 | Killed a ghost moth
 16383 | Spider:4 | Killed a ghost moth
 16404 | Spider:4 | Got a gossamer rune of Zot
 16554 | Spider:4 | Killed a ghost moth
 16770 | Spider:4 | Killed a ghost moth
 17189 | Shoals:1 | Entered Level 1 of the Shoals
 17235 | Shoals:2 | Found an opulent altar of Gozag.
 17260 | Shoals:2 | Reached skill level 16 in Axes
 17302 | Shoals:2 | Found a flickering gateway to a bazaar.
 17320 | Bazaar   | Entered a bazaar
 17320 | Bazaar   | Found Sicasuew's Book Boutique.
 17320 | Bazaar   | Found Paleaross's Armour Emporium.
 17320 | Bazaar   | Found Lunges's Armour Emporium.
 17321 | Bazaar   | Found Nyruqip's Weapon Shoppe.
 17321 | Bazaar   | Found Arghudec's Antique Armour Shoppe.
 17335 | Bazaar   | Bought an encrusted plate armour for 644 gold pieces
 17339 | Bazaar   | Bought a +0 broad axe of chopping for 64 gold pieces
 17343 | Shoals:2 | Identified the +1 plate armour of the Turtledove {Dex+4}
                  | (You bought it in a shop in a bazaar)
 17427 | Shoals:2 | Reached XP level 16. HP: 146/146 MP: 27/27
 17512 | Shoals:3 | Found a large runed translucent door.
 17512 | Shoals:3 | Found a large runed translucent door.
 17516 | Shoals:3 | Noticed Chiseanne's ghost (journeyman SpAs)
 17558 | Shoals:3 | Killed Chiseanne's ghost
 17652 | Shoals:4 | Entered Level 4 of the Shoals
 17776 | Shoals:4 | Noticed a kraken
 17794 | Shoals:4 | Killed a kraken
 18372 | Shoals:4 | Got a barnacled rune of Zot
 18393 | Shoals:4 | Reached skill level 15 in Shields
 18954 | D:14     | Noticed Frances
 18964 | D:14     | Killed Frances
 19062 | D:15     | Entered Level 15 of the Dungeon
 19062 | D:15     | Found a flickering gateway to a bazaar.
 19080 | D:15     | Noticed a sphinx
 19087 | D:15     | Killed a sphinx
 19093 | D:15     | Found a hide-covered altar of Uskayaw.
 19093 | D:15     | Found an opulent altar of Gozag.
 19101 | D:15     | Reached skill level 15 in Fighting
 19143 | D:15     | Found a staircase to the Depths.
 19159 | D:15     | Reached skill level 17 in Axes
 19187 | D:15     | Found Soatopo's Weapon Shop.
 19281 | D:15     | Reached XP level 17. HP: 156/156 MP: 29/29
 19392 | Bazaar   | Entered a bazaar
 19399 | Bazaar   | Found Vome's General Store.
 19407 | Bazaar   | Bought a scroll of teleportation for 51 gold pieces
 19413 | Bazaar   | Found Muin Pothra's Food Boutique.
 19427 | Bazaar   | Found Feudghiodo's Book Shop.
 19441 | Bazaar   | Found Qaured's Food Boutique.
 19470 | Bazaar   | Found Famoseigu's Food Boutique.
 19484 | Bazaar   | Found Agreac's Magic Scroll Shop.
 19492 | Bazaar   | Bought a scroll of enchant weapon for 82 gold pieces
 19492 | Bazaar   | Bought a scroll of enchant armour for 82 gold pieces
 19492 | Bazaar   | Bought a scroll of teleportation for 33 gold pieces
 19492 | Bazaar   | Bought 2 scrolls of immolation for 77 gold pieces
 19528 | D:15     | Found Afrodyel's Jewellery Shoppe.
 19642 | D:15     | Found Egyn's Book Shop.
 19867 | D:15     | Noticed Josephine
 19877 | D:15     | Killed Josephine
 19933 | Depths:1 | Entered Level 1 of the Depths
 20350 | Depths:1 | Found a gateway to Hell.
 20584 | Depths:2 | Noticed Nikola
 20615 | Depths:2 | Reached skill level 15 in Invocations
 20671 | Depths:2 | Killed Nikola
 20866 | Depths:2 | Reached XP level 18. HP: 134/166 MP: 31/31
 20929 | Depths:2 | Reached skill level 18 in Axes
 21351 | Depths:3 | Found a radiant altar of Vehumet.
 21444 | Depths:3 | Found a stormy altar of Qazlal.
 21445 | Depths:3 | Found a one-way gate leading to the halls of Pandemonium.
 21662 | Depths:3 | Found a hazy altar of Hepliaklqana.
 21669 | Depths:3 | Noticed a lich
 21695 | Depths:3 | Killed a lich
 21806 | Depths:3 | You fall through a shaft!
 21809 | Depths:4 | Found a one-way gate to the infinite horrors of the Abyss.
 21809 | Depths:4 | Noticed Louise
 21849 | Depths:4 | Killed Louise
 21879 | Depths:4 | Found a gateway to a ziggurat.
 21946 | Depths:4 | Found an iron altar of Okawaru.
 22041 | Depths:3 | Reached XP level 19. HP: 177/177 MP: 33/33
 22105 | Depths:3 | Paralysed by a floating eye for 2 turns
 22142 | Depths:3 | Found an opulent altar of Gozag.
 22366 | Depths:5 | Entered Level 5 of the Depths
 22382 | Depths:5 | Reached skill level 19 in Axes
 22548 | Depths:5 | Found Kapaosm's Assorted Antiques.
 22578 | Depths:5 | Bought a pair of runed gloves for 262 gold pieces
 22676 | Depths:5 | Noticed a caustic shrike
 22676 | Depths:5 | Noticed a caustic shrike
 22676 | Depths:5 | Noticed a caustic shrike
 22677 | Depths:5 | Noticed a caustic shrike
 22684 | Depths:5 | Killed a caustic shrike
 22684 | Depths:5 | Killed a caustic shrike
 22684 | Depths:5 | Killed a caustic shrike
 22687 | Depths:5 | Killed a caustic shrike
 22857 | Depths:5 | Found a portal to a secret trove of treasure.
 22881 | Depths:5 | Reached XP level 20. HP: 187/187 MP: 34/34
 23302 | Depths:5 | Noticed a golden dragon
 23319 | Depths:5 | Killed a golden dragon
 23329 | Depths:5 | Found a gate to the Realm of Zot.
 23497 | Depths:5 | Noticed a caustic shrike
 23497 | Depths:5 | Noticed a caustic shrike
 23497 | Depths:5 | Noticed a caustic shrike
 23497 | Depths:5 | Noticed a caustic shrike
 23497 | Depths:5 | Noticed a caustic shrike
 23506 | Depths:5 | Killed a caustic shrike
 23507 | Depths:5 | Killed a caustic shrike
 23512 | Depths:5 | Killed a caustic shrike
 23512 | Depths:5 | Reached XP level 21. HP: 194/194 MP: 35/35
 23512 | Depths:5 | Killed a caustic shrike
 23517 | Depths:5 | Killed a caustic shrike
 23661 | Depths:4 | Reached skill level 15 in Armour
 24162 | Depths:4 | Voluntarily entered the Abyss.
 24249 | Abyss:1  | Found a corrupted altar of Lugonu.
 24442 | Abyss:1  | Lost intelligence.
 24528 | Abyss:2  | Found a corrupted altar of Lugonu.
 24541 | Abyss:2  | Found a corrupted altar of Lugonu.
 24696 | Abyss:3  | Reached skill level 20 in Axes
 24706 | Abyss:3  | Paralysed by accursed screaming for 1 turns
 24724 | Abyss:3  | Got an abyssal rune of Zot
 24736 | Depths:4 | Escaped the Abyss
 24839 | Depths:5 | You showed the abyssal rune of Zot to enter a treasure
                  | trove
 24840 | Trove    | Entered a treasure trove
 24866 | Trove    | Found the +3 pair of gauntlets of War {Slay+5}
 24869 | Trove    | Identified the +0 pair of boots of the Lich-sworn {+Fly
                  | rF+++ Str+4 Slay-2} (You found it in a treasure trove)
 24886 | Trove    | Identified the +0 cloak of Starshine {MR+ Str+4} (You found
                  | it in a treasure trove)
 24891 | Trove    | Identified the +0 shield "Utoul" {Str+2 Int+6} (You found
                  | it in a treasure trove)
 24911 | Trove    | Identified the +0 shield "Xiys" {Dex+4} (You found it in a
                  | treasure trove)
 24990 | Zot:1    | Entered Level 1 of the Realm of Zot
 25003 | Zot:1    | Noticed an orb of fire
 25009 | Zot:1    | Lost mutation: You are agile. (Dex +2) [an orb of fire]
 25022 | Zot:1    | Gained mutation: You occasionally shout uncontrollably at
                  | your foes. [an orb of fire]
 25024 | Zot:1    | Gained mutation: Armour fits poorly on your strangely
                  | shaped body. [an orb of fire]
 25025 | Zot:1    | Killed an orb of fire
 25474 | Zot:2    | Reached XP level 22. HP: 205/205 MP: 1/37
 25710 | Zot:3    | Noticed a curse toe
 25731 | Zot:3    | Killed a curse toe
 26014 | Zot:3    | Reached skill level 21 in Axes
 26195 | Zot:5    | Entered Level 5 of the Realm of Zot
 26426 | Zot:5    | Noticed an ancient lich
 26433 | Zot:5    | Killed an ancient lich
 26433 | Zot:5    | Reached XP level 23. HP: 215/215 MP: 38/38
 26463 | Zot:5    | Noticed an ancient lich
 26471 | Zot:5    | Killed an ancient lich
 26543 | Zot:5    | Noticed an ancient lich
 26552 | Zot:5    | Killed an ancient lich
 26566 | Zot:5    | Noticed an orb of fire
 26567 | Zot:5    | Gained mutation: You sometimes yell uncontrollably at your
                  | foes. [an orb of fire]
 26570 | Zot:5    | Gained mutation: You are clumsy. (Dex -2) [an orb of fire]
 26577 | Zot:5    | Gained mutation: Your body sometimes deteriorates upon
                  | taking damage. [an orb of fire]
 26580 | Zot:5    | Killed an orb of fire
 26722 | Zot:5    | Noticed an ancient lich
 26724 | Zot:5    | Noticed an ancient lich
 26724 | Zot:5    | Noticed a Killer Klown
 26727 | Zot:5    | Noticed an orb of fire
 26731 | Zot:5    | Noticed a Killer Klown
 26734 | Zot:5    | Killed an ancient lich
 26737 | Zot:5    | Killed an ancient lich
 26739 | Zot:5    | Killed a Killer Klown
 26753 | Zot:5    | Gained mutation: You do not regenerate when monsters are
                  | visible. [an orb of fire]
 26759 | Zot:5    | Reached skill level 15 in Dodging
 26772 | Zot:5    | Killed an orb of fire
 26778 | Zot:5    | Reached skill level 22 in Axes
 26780 | Zot:5    | Noticed a Killer Klown
 26798 | Zot:5    | Noticed an ancient lich
 26800 | Zot:5    | Killed a Killer Klown
 26808 | Zot:5    | Noticed an ancient lich
 26810 | Zot:5    | Identified the +5 dagger of the Valley {flame, rPois rF+
                  | Str-4 Dex+2}
 26812 | Zot:5    | Reached XP level 24. HP: 204/226 MP: 39/39
 26823 | Zot:5    | Killed an ancient lich
 26825 | Zot:5    | Killed an ancient lich
 26842 | Zot:5    | Killed a Killer Klown
 26908 | Zot:5    | Got the Orb of Zot
 27204 | Depths:4 | Noticed Gysetaro the pandemonium lord
 27230 | Depths:4 | Killed Gysetaro the pandemonium lord
 27510 | D:13     | Noticed Worchec the pandemonium lord
 27688 | D:7      | Noticed Qavyce the pandemonium lord
 27747 | D:5      | Noticed Ganirph the pandemonium lord
 27833 | D:2      | Gained mutation: You are occasionally teleported next to
                  | monsters. [a neqoxec]
 27936 | D:$      | Escaped with the Orb!

Skill      XL: |  1  2  3  4  5  6  7  8  9 10 11 12 13 14 15 16 17 18 19 20 21 22 23 24 |
---------------+-------------------------------------------------------------------------+-----
Axes           | 3 4 5 6 7 9 10 11 13 14 15 16 17 18 19 20 21 22 | 22.6
Armour         | 4 5 6 7 8 9 10 11 12 13 14 15 16 17 | 17.1
Invocations    | 1 2 3 4 5 7 8 9 11 12 13 14 15 16 17 18 19 | 19.6
Fighting       | 4 5 6 7 8 9 10 11 12 14 15 16 17 18 19 20 21 | 21.4
Shields        | 4 5 6 7 8 9 10 11 13 14 15 16 17 18 19 20 21 | 21.5
Dodging        | 1 2 3 4 5 6 7 8 9 10 11 12 13 14 15 | 15.5

Action                   |  1- 3 |  4- 6 |  7- 9 | 10-12 | 13-15 | 16-18 | 19-21 | 22-24 || total
-------------------------+-------+-------+-------+-------+-------+-------+-------+-------++-------
Melee: War axe           |    62 |   102 |   291 |   617 |   730 |  1085 |   523 |   636 ||  4046
       Headbutt          |     9 |    17 |    46 |   136 |   247 |   340 |   174 |   209 ||  1178
Invok: Grand Finale      |       |       |       |       |     1 |     1 |       |       ||     2
 Abil: Evoke Flight      |       |       |       |       |       |       |       |     1 ||     1
Evoke: Wand              |       |       |       |       |       |     2 |     1 |     4 ||     7
  Use: Potion            |       |     2 |       |     2 |     4 |     2 |     4 |     6 ||    20
       Scroll            |       |       |     8 |    18 |    16 |    13 |    20 |     6 ||    81
 Stab: Paralysed         |     1 |     3 |    19 |    70 |   130 |   185 |   119 |   107 ||   634
       Distracted        |       |       |       |     1 |       |       |       |       ||     1
       Petrified         |       |       |       |       |     2 |       |       |       ||     2
  Eat: Chunk             |       |     4 |     6 |    16 |     9 |    10 |     7 |       ||    52
       Ration            |       |       |     2 |     1 |     7 |       |     3 |     2 ||    15
Armor: Scale mail        |    39 |    56 |    92 |       |       |       |       |       ||   187
       Ring mail         |       |       |     7 |    31 |       |       |       |       ||    38
       Plate armour      |       |       |       |   124 |   293 |   236 |   136 |   133 ||   922
       Chain mail        |       |       |       |     1 |       |       |       |       ||     1
Dodge: Dodged            |    25 |    39 |   104 |    66 |   175 |   199 |   136 |   145 ||   889
Block: Shield            |    45 |    74 |   187 |    38 |       |       |       |       ||   344
       Large shield      |       |       |       |   610 |  1000 |  1354 |   589 |   653 ||  4206
